 Dungeon Crawl Stone Soup version 0.27-a0-1595-g0b823d0a13 (webtiles) character file.

Game seed: 16707944309573788324

3473 Lusmu the Frost Mage (level 10, 0/66 HPs)
             Began as a Human Ice Elementalist on July 20, 2021.
             Was a Follower of Hepliaklqana.
             Slain by an orc warrior (9 damage)
             ... on level 8 of the Dungeon.
             The game lasted 01:24:46 (13377 turns).

Lusmu the Frost Mage (Human Ice Elementalist)      Turns: 13377, Time: 01:24:48

Health: 0/66       AC: 12    Str: 10    XL:     10   Next: 27%
Magic:  13/18      EV: 14    Int: 17    God:    Hepliaklqana [*.....]
Gold:   208        SH:  0    Dex: 14    Spells: 12/20 levels left

rFire    . . .     SeeInvis .   B - +1 flail (vorpal)
rCold    + . .     Faith    .   (no shield)
rNeg     . . .     Spirit   .   f - +2 robe {Will+}
rPois    +         Reflect  .   (no helmet)
rElec    .         Harm     .   m - +0 cloak
rCorr    .         Rampage  .   (no gloves)
Will     +....                  (no boots)
Stlth    +++.......             t - amulet of magic regeneration
HPRegen  0.21/turn              w - ring of poison resistance
MPRegen  0.41/turn              C - ring of protection from cold

@: ice-armoured
A: reduced essence
a: Renounce Religion, Recall Ancestor, Ancestor Identity


You were on level 8 of the Dungeon.
You worshipped Hepliaklqana.
Hepliaklqana was aware of your devotion.
You visited 2 branches of the dungeon, and saw 9 of its levels.

You collected 418 gold pieces.
You spent 210 gold pieces at shops.

Inventory:

Hand Weapons
 a - a +3 trident of flaming
 b - a +0 dagger
 v - a +2 short sword of venom
 x - the +9 heavy crossbow "Sniper" {vorpal, Acc+∞ SInv}
   (You found it on level 6 of the Dungeon)

   Any ammunition fired from it inflicts extra damage upon your enemies.
   Any ammunition fired from it never misses its target.
   SInv:      It lets you see invisible.
 A - a +1 whip of pain
 B - a +1 vorpal flail (weapon)
Missiles
 n - a throwing net
 r - 10 boomerangs
Armour
 f - a +2 robe of willpower (worn)
 m - a +0 cloak (worn)
 o - +0 steam dragon scales
Jewellery
 t - an amulet of magic regeneration (around neck)
 w - a ring of poison resistance (left hand)
 C - a ring of protection from cold (right hand)
Scrolls
 d - a scroll of fog
 e - 2 scrolls of teleportation
 i - 3 scrolls of enchant weapon
 j - a scroll of vulnerability {unknown}
 k - a scroll of fear
 p - 3 scrolls of amnesia
 q - 2 scrolls of silence
 y - a scroll of blinking {unknown}
 z - a scroll of enchant armour {unknown}
Potions
 c - 4 potions of lignification
 g - a potion of brilliance
 h - a potion of cancellation {unknown}
 l - a potion of flight
 u - a potion of heal wounds
 D - a potion of curing {unknown}
 E - a potion of berserk rage {unknown}


   Skills:
 - Level 5.0 Fighting
 + Level 1.8 Throwing
 + Level 1.7 Armour
 - Level 5.0 Dodging
 + Level 4.5 Stealth
 + Level 5.7 Spellcasting
 + Level 6.3 Conjurations
 - Level 8.0 Ice Magic


You had 12 spell levels left.
You knew the following spells:

 Your Spells              Type           Power      Damage    Failure   Level
a - Freeze                Ice            100%       1d11      1%          1
b - Ozocubu's Armour      Ice            32%        N/A       1%          3
c - Hailstorm             Conj/Ice       29%        3d8       7%          4

Your spell library contained the following spells:

 Spells                   Type           Power      Damage    Failure   Level
 Frozen Ramparts          Ice            64%        1d8       1%          3
 Animate Skeleton         Necr           8%         N/A       13%         1
 Apportation              Tloc           8%         N/A       13%         1
 Beastly Appendage        Tmut           8%         N/A       13%         1
 Corona                   Hex            4%         N/A       13%         1
 Summon Small Mammal      Summ           16%        N/A       13%         1
 Wereblood                Tmut           4%         N/A       21%         2
 Spider Form              Tmut/Pois      2%         N/A       36%         3


Dungeon Overview and Level Annotations

Branches:
Dungeon (8/15)             Temple (1/1) D:6
   Lair: D:8-11

Altars:
Ashenzari
Cheibriados
Dithmenos
Elyvilon
Gozag
Hepliaklqana
Makhleb
Nemelex Xobeh
Okawaru
Ru
Sif Muna
Trog
Uskayaw
Vehumet
Wu Jian
Xom
Yredelemnul
Zin
The Shining One

Shops:
D:5 ?


Message History

The orc warrior hits you with a +0 hand axe!
* * * LOW HITPOINT WARNING * * *
The orc warrior hits Milos with a +0 hand axe.
The orc hits you but does no damage.
Okay, then.
As you read the scroll labelled VUFEFA GEXAOSYL, it crumbles to dust.
You assume a fearsome visage.
The plant is unaffected.
The orc warrior looks frightened!
The fungus is unaffected. x7
The plant is unaffected.
The orc warrior looks frightened!
The orc looks frightened!
It was a scroll of fear.
Casting: Ozocubu's Armour (safe; 1% risk of failure)
Confirm with . or Enter, or press ? or * to list all spells.
Casting: Hailstorm (dangerous; 7% risk of failure)
Press: ? - help, Dir - look around, f - activate A cannonade of hail descends around you!
Milos avoids your attack.
The hail pelts the orc warrior!
The orc warrior is moderately wounded.
Your attack snaps the orc warrior out of its fear.
The hail pelts the orc!
You kill the orc!
The hail pelts the orc warrior.
The orc warrior is heavily wounded.
Your attack snaps the orc warrior out of its fear.
Casting: Hailstorm (dangerous; 7% risk of failure)
Confirm with . or Enter, or press ? or * to list all spells.
Aiming: Freeze (safe; 1% risk of failure)
Press: ? - help, Shift-Dir - straight line, f - orc warrior
Aim: an orc warrior, wielding a +0 hand axe and wearing a +0 chain mail (moderately wounded)
You freeze the orc warrior!
The orc warrior is heavily wounded.
The orc warrior misses you.
Casting: Freeze (safe; 1% risk of failure)
Confirm with . or Enter, or press ? or * to list all spells.
Aiming: Freeze (safe; 1% risk of failure)
Press: ? - help, Shift-Dir - straight line, f/p - orc warrior
Aim: an orc warrior, wielding a +0 hand axe and wearing a +0 chain mail (heavily wounded)
You freeze the orc warrior.
The orc warrior is severely wounded.
The orc warrior hits you with a +0 hand axe!
You die...

## #.P... ....## #.
#.....###.....# #..
#.o.P.........### #.#
###.PR............### #..#
..P.P........#......###.##
.P.P.P.....).##......>....
P...P..).o...##...#.#.....
.PP......@....=...#.#.#...
..........<.......#.#.#...
##...................#...
#....####...............
#.... #...............
##... #............#..
#... ######.......#.. #...
####'##.### #... #.##.#..


You could see the friendly Milos the ancestor and 2 orc warriors.

Vanquished Creatures
  A hornet (D:6)
  A steam dragon (D:7)
  3 vampire mosquitoes (D:7)
  2 orc warriors
  2 ice beasts
  3 sky beasts
  2 black bears
  2 centaurs (D:7)
  Blork the orc (D:6)
  3 bullfrogs (D:7)
  A gnoll sergeant (D:7)
  2 wights (D:7)
  4 howler monkeys
  A crimson imp (D:6)
  2 hounds
  4 orc priests
  3 gnoll shamans
  A jelly (D:7)
  2 bullfrog skeletons (D:7)
  Jessica (D:3)
  Terence (D:2)
  2 iguanas
  8 orc wizards
  2 killer bee zombies (D:6)
  A hound skeleton (D:5)
  A mummy (D:6)
  A howler monkey zombie (D:7)
  14 gnolls
  9 adders
  2 white imps
  An ufetubus (D:6)
  An adder skeleton (D:3)
  2 worms (D:4)
  20 orcs
  3 ball pythons
  2 endoplasms (D:2)
  4 giant cockroaches
  6 goblins
  4 hobgoblins
  4 jackals (D:1)
  10 kobolds
  3 quokkas
  6 bats
  A frilled lizard (D:3)
  A rat (D:2)
150 creatures vanquished.

Vanquished Creatures (collateral kills)
  A black bear (D:8)
  2 gnolls (D:8)
  An orc (D:8)
4 creatures vanquished.

Vanquished Creatures (others)
  An ancestor (D:8)
  11 fungi (D:8)
  39 plants
51 creatures vanquished.

Grand Total: 205 creatures vanquished

Notes
Turn   | Place    | Note
-------+----------+-------------------------------------------
     0 | D:1      | Lusmu the Human Ice Elementalist began the quest for the
                  | Orb.
     0 | D:1      | Reached XP level 1. HP: 13/13 MP: 3/3
   323 | D:1      | Reached XP level 2. HP: 18/19 MP: 5/5
  1025 | D:1      | Reached XP level 3. HP: 24/24 MP: 6/6
  1661 | D:2      | Learned a level 3 spell: Ozocubu's Armour
  1748 | D:2      | Reached XP level 4. HP: 30/30 MP: 1/8
  1791 | D:2      | Noticed Terence
  2212 | D:3      | Found a basalt altar of Yredelemnul.
  2222 | D:3      | Noticed Jessica
  2308 | D:3      | Killed Jessica
  2430 | D:3      | Found a sacrificial altar of Ru.
  2484 | D:3      | Noticed an ogre
  2861 | D:3      | Reached skill level 5 in Ice Magic
  2861 | D:3      | Reached XP level 5. HP: 33/35 MP: 2/9
  2964 | D:2      | Killed Terence
  3130 | D:3      | Found a snail-covered altar of Cheibriados.
  3469 | D:3      | Reached XP level 6. HP: 38/41 MP: 7/11
  3492 | D:4      | Noticed a necrophage
  3554 | D:4      | Found a white marble altar of Elyvilon.
  3967 | D:4      | Found a glowing golden altar of the Shining One.
  3969 | D:4      | Found a glowing silver altar of Zin.
  4001 | D:4      | Found an opulent altar of Gozag.
  4113 | D:4      | Found a shadowy altar of Dithmenos.
  4251 | D:5      | Entered Level 5 of the Dungeon
  4426 | D:5      | Noticed an ice beast
  4739 | D:5      | Noticed a black bear
  5182 | D:5      | Found Caymaig's Magic Scroll Shoppe.
  5209 | D:5      | Bought a scroll of amnesia for 49 gold pieces
  5209 | D:5      | Bought a scroll of identify for 28 gold pieces
  5209 | D:5      | Bought a scroll of identify for 28 gold pieces
  5209 | D:5      | Bought a scroll of teleportation for 42 gold pieces
  5209 | D:5      | Bought a scroll of magic mapping for 49 gold pieces
  5209 | D:5      | Bought a scroll of noise for 14 gold pieces
  5396 | D:5      | Killed a black bear
  5397 | D:5      | Reached XP level 7. HP: 31/46 MP: 5/13
  5603 | D:6      | Noticed a troll
  5614 | D:6      | Noticed a hornet
  5717 | D:6      | Found a staircase to the Ecumenical Temple.
  5726 | Temple   | Entered the Ecumenical Temple
  6146 | Temple   | Became a worshipper of Hepliaklqana the Forgotten
  6198 | D:6      | Found the +9 heavy crossbow "Sniper" {vorpal, Acc+∞ SInv}
  6214 | D:6      | Reached skill level 6 in Ice Magic
  6329 | D:6      | Noticed a steam dragon
  6587 | D:5      | Reached skill level 5 in Spellcasting
  6587 | D:5      | Reached XP level 8. HP: 45/52 MP: 6/15
  6856 | D:6      | Noticed Blork the orc
  6859 | D:6      | Killed Blork the orc
  6860 | D:6      | Reached skill level 7 in Ice Magic
  6873 | D:5      | Learned a level 4 spell: Hailstorm
  6896 | D:6      | Found a radiant altar of Vehumet.
  6896 | D:6      | Found a burning altar of Makhleb.
  7132 | D:6      | Reached skill level 1 in Conjurations
  7143 | D:6      | Killed a hornet
  8746 | D:6      | Reached skill level 8 in Ice Magic
  8972 | D:7      | Reached XP level 9. HP: 41/57 MP: 14/17
  9141 | D:7      | Reached skill level 1 in Fighting
  9287 | D:7      | Reached skill level 5 in Conjurations
 11763 | D:7      | Reached XP level 10. HP: 10/73 MP: 18/18
 12230 | D:7      | Reached skill level 5 in Dodging
 12252 | D:7      | Reached skill level 5 in Fighting
 12257 | D:7      | Reached skill level 1 in Throwing
 12831 | D:8      | Reached skill level 1 in Armour
 12916 | D:8      | Reached * piety under Hepliaklqana
 13377 | D:8      | Slain by an orc warrior

Illustrated notes

Levels and vault maps discovered:
D:1:      heliophobic_arrival_dark_side_of_the_moon, layout_basic,
          nrook_campfire, minmay_cut_off
D:2:      layout_rooms, uniq_terence
D:3:      layout_basic, yredelemnul_altar_generic,
          nicolae_ru_sacrificial_ziggurat, mainiacjoe_overflow_tiny_flanked,
          minmay_misc_feat_more_columns, amethyst_killhole, uniq_jessica
D:4:      layout_loops_ring, marbit_many_paths, grunt_temple_overflow_open,
          nicolae_gozag_cash_rules_everything_around_me,
          mainiacjoe_overflow_paths, chequers_arboretum
D:5:      layout_basic, serial_shops, nicolae_square_shop
D:6:      layout_rooms, grunt_temple_overflow_lords_of_destruction,
          minmay_temple_entry_wispy, gup_ossuary_entry_pyramid,
          serial_bayou_lake_a, uniq_blork_the_orc
D:7:      layout_loops_ring, enter_bailey_4, grunt_potential, uniq_menkaure
D:8:      minmay_slanted_spiral_squares, layout_basic,
          grunt_lair_entry_orc_guard_hut
Temple:   jpeg_temple_island

Skill      XL: |  1  2  3  4  5  6  7  8  9 10 |
---------------+-------------------------------+-----
Spellcasting   | 3 4 5 |  5.7
Ice Magic      | 5 6 8 |  8.0
Stealth        | 3 4 |  4.5
Conjurations   | 4 6 |  6.3
Fighting       | 4 5 |  5.0
Dodging        | 4 5 |  5.0
Throwing       | 1 |  1.8
Armour         | 1 |  1.7

Action                   |  1- 3 |  4- 6 |  7- 9 | 10-12 || total
-------------------------+-------+-------+-------+-------++-------
Melee: Dagger            |    24 |    97 |    78 |       ||   199
       Flail             |       |       |   190 |    52 ||   242
Throw: Boomerang         |       |       |     9 |       ||     9
       Throwing net      |       |       |     1 |       ||     1
 Cast: Freeze            |    39 |    63 |   124 |    12 ||   238
       Ozocubu's Armour  |     2 |     5 |    19 |     5 ||    31
       Hailstorm         |       |       |     2 |     1 ||     3
Evoke: Wand              |       |       |     5 |     4 ||     9
  Use: Scroll            |     4 |     4 |     5 |     1 ||    14
       Potion            |     1 |     1 |     9 |       ||    11
 Stab: Sleeping          |     2 |     3 |       |       ||     5
       Distracted        |       |       |     1 |       ||     1
Armor: Robe              |    13 |    44 |   167 |    35 ||   259
Dodge: Dodged            |    34 |    87 |   296 |    64 ||   481

Table legend: (Time is in decaauts)
 A = Elapsed time spent in this place.
 B = Non-inter-level travel time spent in this place.
 C = Inter-level travel time spent in this place.
 D = Time resting spent in this place.
 E = Time spent auto-exploring this place.
 F = Levels seen in this place.
 G = Mean time per level.
                   A        B        C        D        E       F      G
               +--------+--------+--------+--------+--------+-----+--------+
         Total |  13501 |  13073 |    428 |   4307 |   1861 |   9 | 1500.1 |
       Dungeon |  12992 |  12564 |    428 |   4307 |   1435 |   8 | 1624.0 |
        Temple |    508 |    508 |      0 |      0 |    426 |   1 |  508.0 |
               +--------+--------+--------+--------+--------+-----+--------+

Top non-repeatable levels by time:
     D:7: 3565 daAuts
     D:5: 2352 daAuts
     D:6: 2147 daAuts
     D:1: 1468 daAuts
     D:3: 1099 daAuts
     D:2: 959 daAuts
     D:4: 729 daAuts
     D:8: 670 daAuts
  Temple: 508 daAuts
